 Dungeon Crawl Stone Soup version 0.18-a0-1514-g6ed9364 (console) character file.

47 sorlin the Vexing (level 3, -3/24 HPs)
             Began as a Merfolk Enchanter on Mar 7, 2016.
             Slain by a gnoll (9 damage)
             ... on level 2 of the Dungeon.
             The game lasted 00:06:32 (3013 turns).

sorlin the Vexing (Merfolk Enchanter)               Turns: 3013, Time: 00:06:32

Health: -3/24      AC:  3    Str:  8    XL:     3   Next: 70%
Magic:  1/6        EV: 13    Int: 15    God:
Gold:   122        SH:  0    Dex: 14    Spells: 2 memorised, 3 levels left

rFire  . . .     SeeInvis .     a - +1 dagger
rCold  . . .     Gourm    .     b - +1 robe
rNeg   . . .     Faith    .     (no shield)
rPois  .         Spirit   .     (no helmet)
rElec  .         Dismiss  .     (no cloak)
rCorr  .         Reflect  .     (no gloves)
SustAt .         Harm     .     (no boots)
MR     .....                    (no amulet)
Stlth  ++........               (no ring)
                                (no ring)

@: not resistant to hostile enchantments, unstealthy
A: change form in water, swift swim
a: no special abilities


You were on level 2 of the Dungeon.
You were not hungry.

You visited 1 branch of the dungeon, and saw 2 of its levels.

You collected 122 gold pieces.


   Skills:
 - Level 1.2 Short Blades
 - Level 2.6 Dodging
 - Level 3.2 Stealth
 - Level 2.0 Spellcasting
 + Level 3.8 Hexes
 * Level 2.4 Ice Magic


You had 3 spell levels left.
You knew the following spells:

 Your Spells              Type           Power        Failure   Level  Hunger
a - Ensorcelled Hibernat  Hex/Ice        ##....       12%         2    ###....
s - Corona                Hex            ##.....      6%          1    #......

Inventory:

Hand Weapons
 a - a +1 dagger (weapon)
Missiles
 l - 45 sling bullets
Armour
 b - a +1 robe (worn)
Scrolls
 e - a scroll of recharging {unknown}
 g - a scroll of fog {unknown}
 j - a scroll of enchant armour {unknown}
 m - 2 scrolls of remove curse {unknown}
 n - 2 scrolls of identify {unknown}
 o - a scroll of magic mapping {unknown}
 r - a scroll of enchant weapon {unknown}
Potions
 f - a potion of haste {unknown}
 h - a potion of agility {unknown}
 i - 2 potions of curing {unknown}
 k - a potion of brilliance {unknown}
Books
 c - a book of Maledictions

   Spells                             Type                      Level
   a - Corona                         Hexes                        1
   b - Ensorcelled Hibernation        Hexes/Ice                    2
   c - Confuse                        Hexes                        3
   d - Tukima's Dance                 Hexes                        3
   e - Dazzling Spray                 Conjuration/Hexes            3
Comestibles
 d - 3 bread rations {!e}
 s - 3 fruits


Message History

Aiming: Ensorcelled Hibernation
Aim: a gnoll (lightly wounded, chance to defeat MR: 50%)
The gnoll resists with some effort.
Aiming: Ensorcelled Hibernation
Aim: a gnoll (lightly wounded, chance to defeat MR: 50%)
The gnoll resists with some effort.
The gnoll barely misses you. The gnoll hits you.
You take 3 damage.
Aiming: Corona
Aim: a gnoll (lightly wounded, chance to defeat MR: 57%)
The gnoll is outlined in light.
You hit the gnoll but do no damage.
The gnoll is lightly wounded.
The gnoll completely misses you.
You hit the gnoll but do no damage.
The gnoll is lightly wounded.
The gnoll misses you.
You hit the gnoll but do no damage.
The gnoll is lightly wounded.
The gnoll closely misses you.
You hit the gnoll.
The gnoll is heavily wounded.
The gnoll closely misses you.
You hit the gnoll.
The gnoll is heavily wounded.
The gnoll hits you.
You take 6 damage.
You barely miss the gnoll.
The gnoll is heavily wounded.
The gnoll closely misses you.
You hit the gnoll.
The gnoll is severely wounded.
The gnoll misses you.
You hit the gnoll.
The gnoll is severely wounded.
The gnoll hits you.
* * * LOW HITPOINT WARNING * * *
You take 3 damage.
You hit the gnoll.
The gnoll is almost dead.
The gnoll stops glowing.
The gnoll hits you!
* * * LOW HITPOINT WARNING * * *
You take 6 damage.
You hit the gnoll but do no damage.
The gnoll is almost dead.
The gnoll barely misses you.
You hit the gnoll but do no damage.
The gnoll is almost dead.
The gnoll hits you!
You die...

#.# #.......#.##.....>...# #.....
#.# ####.##.#.##......#..###.....
#.# #.......#.#.......#)......#.#
#.# #[#...#.#.#.#####.........#.#
#.###.#...#.#.#.#####.#...##..#.#
#....................)...........
#####.##.##.#.#.#..##.######.####
#.......#.#.......######.####
####.##......................
#.####.#.#.....#####...###
#........@g...............
######.#.###...###.......#
#.#.##....# #........ #.#.....#.#
#.......# #.##.[..#.# ##.....##
#.#....##.# ##...## #.....##..#
###.### #....##...# #.....
#...##....# #..### #..##....##
#..### ####....## #.#..#


You could see a gnoll.

Vanquished Creatures
  A gnoll (D:2)
  2 dart slugs (D:1)
  3 giant cockroaches
  7 hobgoblins
  4 kobolds (D:1)
  5 bats
  4 giant newts (D:1)
  3 goblins
  6 rats
35 creatures vanquished.

Notes
Turn   | Place    | Note
--------------------------------------------------------------
     0 | D:1      | sorlin the Merfolk Enchanter began the quest for the Orb.
     0 | D:1      | Reached XP level 1. HP: 13/13 MP: 3/3
    86 | D:1      | HP: 2/13 [rat (2)]
   107 | D:1      | HP: 1/13 [rat (2)]
   474 | D:1      | Reached XP level 2. HP: 19/19 MP: 1/5
   617 | D:1      | Learned a level 2 spell: Ensorcelled Hibernation
   895 | D:1      | Reached skill level 1 in Ice Magic
  1358 | D:1      | Reached XP level 3. HP: 24/24 MP: 3/6
  2179 | D:2      | Reached skill level 2 in Ice Magic
  2669 | D:2      | Found a shadowy altar of Dithmenos.
  2749 | D:2      | HP: 6/24 [gnoll (6)]
  3011 | D:2      | HP: 6/24 [gnoll (7)]
  3013 | D:2      | Slain by a gnoll

Vault maps used:
D:1:      dpeg_arrival_lava_temple_mockup, roderic_three_in_a_row
D:2:      okawaru_altar_gauntlet_db, lemuel_coloured_pillars_altar,
          nrook_mini_backslash, st_stairs_4

Action                   || total
-------------------------++-------
Melee: Dagger            ||    88
Throw: Stone             ||     5
       Javelin           ||     7
 Cast: Corona            ||    12
       Ensorcelled Hiber ||    19
 Stab: Sleeping          ||    18
  Eat: Chunk             ||     8
